 Dungeon Crawl Stone Soup version 0.23-a0-309-ge7838e6 (webtiles) character file.

151 GizzardofKazz the Grasshopper (level 5, -4/45 HPs)
             Began as a Naga Warper on Oct 12, 2018.
             Slain by Crazy Yiuf
             ... wielding a +4 quarterstaff of chaos
              (6 damage)
             ... on level 4 of the Dungeon.
             The game lasted 00:16:57 (4199 turns).

GizzardofKazz the Grasshopper (Naga Warper)         Turns: 4199, Time: 00:16:58

Health: -4/45      AC:  3    Str: 15    XL:     5   Next: 33%
Magic:  10/10      EV:  9    Int: 13    God:
Gold:   223        SH:  0    Dex: 10    Spells: 6/10 levels left

rFire    . . .     SeeInvis +   o - +0 flail (holy)
rCold    + . .     Gourm    .   (no shield)
rNeg     . . .     Faith    .   b - +0 leather armour
rPois    +         Spirit   .   (no helmet)
rElec    .         Reflect  .   (no cloak)
rCorr    .         Harm     .   (no gloves)
MR       .....                  (no barding)
Stlth    ++........             (no amulet)
HPRegen  0.15/turn              p - ring of stealth
MPRegen  0.12/turn              q - ring of protection from cold

@: short of breath, hasted, drained, quick
A: large, see invisible, deformed body, poison resistance, slowness 2, slow
metabolism 1, spit poison 1, AC +1
a: Spit Poison


You were on level 4 of the Dungeon.
You were hungry.

You visited 1 branch of the dungeon, and saw 4 of its levels.

You collected 223 gold pieces.

Inventory:

Hand Weapons
 a - a +0 mace
 o - a +0 flail of holy wrath (weapon)
 s - a +0 whip
Missiles
 e - 3 tomahawks of dispersal (quivered)
 l - 6 poisoned needles
Armour
 b - a +0 leather armour (worn)
Jewellery
 p - a ring of stealth (left hand)
 q - a ring of protection from cold (right hand)
 w - an uncursed ring of protection from cold
Scrolls
 c - 6 scrolls of identify {unknown}
 d - a scroll of blinking
 h - a scroll of fog {unknown}
 j - 2 scrolls of teleportation {unknown}
 k - a scroll of immolation {unknown}
 m - a scroll of random uselessness {unknown}
 n - a scroll of magic mapping {unknown}
 r - a scroll of remove curse {unknown}
 t - a scroll of enchant weapon {unknown}
 v - a scroll of amnesia {unknown}
Potions
 g - 2 potions of cancellation
 x - 2 potions of might {unknown}
Comestibles
 f - 9 rations


   Skills:
 - Level 2.0(1.4) Fighting
 + Level 3.5(3.0) Maces & Flails
 - Level 0.8(0.3) Throwing
 - Level 0.7(0.1) Armour
 - Level 1.5(1.0) Dodging
 + Level 3.4(2.8) Spellcasting
 + Level 3.8(3.2) Translocations


You had 6 spell levels left.
You knew the following spells:

 Your Spells              Type           Power        Failure   Level  Hunger
a - Blink                 Tloc           N/A          12%         2    ###....
b - Shroud of Golubria    Chrm/Tloc      #.........   22%         2    ###....

Your spell library contained the following spells:

 Spells                   Type           Power        Failure   Level  Hunger
 Gell's Gravitas          Tloc           ##........   22%         3    ###....
 Lesser Beckoning         Tloc           ##........   22%         3    ###....
 Teleport Other           Tloc           ##......     22%         3    ###....
 Passage of Golubria      Tloc           N/A          58%         4    #####..


Dungeon Overview and Level Annotations

Branches:
Dungeon (4/15)
 Temple: D:4-7

Altars:
Hepliaklqana
Makhleb
Vehumet

Annotations:
D:4 Crazy Yiuf


Innate Abilities, Weirdness & Mutations

You cannot wear boots.
Your serpentine skin is tough. (AC +1)
You have supernaturally acute eyesight. (SInv)
Armour fits poorly on your strangely shaped body.
Your system is resistant to poisons. (rPois)
You cover ground very slowly.
You have a slow metabolism.
You can spit poison.


Message History

Crazy Yiuf hits you with a quarterstaff of chaos!
* * * LOW HITPOINT WARNING * * *
You feel drained.
* * * LOW HITPOINT WARNING * * *
You have got your breath back.
Crazy Yiuf misses you.
Crazy Yiuf laughs, "Goober Orb Guardian tortoise!"
Crazy Yiuf hits you with a quarterstaff of chaos.
* * * LOW HITPOINT WARNING * * *
Crazy Yiuf draws strength from your wounds!
Press: ? - help, Shift-Dir - straight line, f/p - Crazy Yiuf
Aim: Crazy Yiuf, wielding a quarterstaff of chaos and wearing a cloak (severely The splash of poison misses Crazy Yiuf.
You feel slightly more hungry.
Crazy Yiuf hits you with a quarterstaff of chaos.
* * * LOW HITPOINT WARNING * * *
You feel drained.
* * * LOW HITPOINT WARNING * * *
You feel yourself speed up.
Crazy Yiuf hits you with a quarterstaff of chaos.
You die...

#.# #....##.#
#.#########.......#
#.##............#.#
#.#################
#.# #.# #.###♣♣ ###
#...+.♣♣ ♣♣#..)#
#..@g..♣♣♣♣.'...#
#.......♣.(♣#...#
###)+..♣.♣♣♣ ###
###♣♣♣♣♣


You could see Crazy Yiuf.

Vanquished Creatures
  4 adders
  2 dart slugs
  A leopard gecko (D:1)
  10 orcs (D:3)
  3 ball pythons
  2 giant cockroaches (D:1)
  20 goblins
  10 hobgoblins
  3 jackals (D:2)
  10 kobolds
  3 quokkas (D:3)
  13 bats
  3 frilled lizards
  7 rats
91 creatures vanquished.

Notes
Turn   | Place    | Note
-------+----------+-------------------------------------------
     0 | D:1      | GizzardofKazz the Naga Warper began the quest for the Orb.
     0 | D:1      | Reached XP level 1. HP: 19/19 MP: 3/3
   326 | D:1      | Reached XP level 2. HP: 26/26 MP: 5/5
   715 | D:1      | Learned a level 2 spell: Blink
  1265 | D:1      | Reached XP level 3. HP: 32/32 MP: 6/6
  1661 | D:2      | Found a radiant altar of Vehumet.
  1971 | D:2      | Reached XP level 4. HP: 18/39 MP: 8/8
  2504 | D:2      | Found a hazy altar of Hepliaklqana.
  3407 | D:3      | Reached XP level 5. HP: 40/45 MP: 9/9
  3441 | D:3      | Learned a level 2 spell: Shroud of Golubria
  3904 | D:3      | Found a burning altar of Makhleb.
  4174 | D:4      | Found a runed door.
  4178 | D:4      | Noticed Crazy Yiuf
  4197 | D:4      | HP: 2/45 [Crazy Yiuf/quarterstaff of chaos (2)]
  4199 | D:4      | Slain by Crazy Yiuf

Vault maps used:
D:1:      ebering_hopf_link, grunt_decor_mini_mirrors, st_stairs_1,
          minmay_tree_intersection, hangedman_decor_clover_reticule,
          minmay_misc_feat_columns
D:2:      cheibrodos_greedy_goblins, vehumet_crystals, marbit_many_paths,
          minmay_tiny_reverse_x
D:3:      lemuel_crystal_altar
D:4:      uniq_crazy_yiuf_cottage

Skill      XL: |  1  2  3  4 |
---------------+-------------+-----
Maces & Flails | 3 |  3.5
Spellcasting   | 3 |  3.4
Fighting       | |  2.0
Throwing       | |  0.8
Armour         | |  0.7
Dodging        | |  1.5
Translocations | |  3.8

Action                   |  1- 3 |  4- 6 || total
-------------------------+-------+-------++-------
Melee: Mace              |    79 |    76 ||   155
       Flail             |       |    56 ||    56
Throw: Tomahawk          |       |     2 ||     2
       Throwing net      |       |     1 ||     1
 Cast: Blink             |     1 |     3 ||     4
 Abil: Spit Poison       |    20 |    37 ||    57
  Use: Potion            |       |     7 ||     7
 Stab: Sleeping          |       |     5 ||     5
       Held in net/web   |       |     1 ||     1
  Eat: Chunk             |     3 |     8 ||    11
Armor: Leather armour    |    22 |    58 ||    80
Dodge: Dodged            |    61 |   124 ||   185

Table legend:
 A = Non-vault XP
 B = Vault XP
 C = Vault XP percentage of total XP
 D = Non-vault monster count
 E = Vault monster count
 F = Vault count percentage of total count
                 A         B        C        D         E       F
            +---------+---------+-------+---------+---------+-------
      Total |     189 |      27 |  12.5 |      75 |      16 |  17.6
            +---------+---------+-------+---------+---------+-------
        D:1 |      33 |       3 |   8.3 |      18 |       2 |  10.0
        D:2 |      57 |      24 |  29.6 |      26 |      14 |  35.0
        D:3 |      97 |       0 |   0.0 |      30 |       0 |   0.0
        D:4 |       2 |       0 |   0.0 |       1 |       0 |   0.0
            +---------+---------+-------+---------+---------+-------
